%YAML 1.1
%TAG !u! tag:unity3d.com,2011:
--- !u!1 &284114214883210932
GameObject:
  m_ObjectHideFlags: 0
  m_CorrespondingSourceObject: {fileID: 0}
  m_PrefabInstance: {fileID: 0}
  m_PrefabAsset: {fileID: 0}
  serializedVersion: 6
  m_Component:
  - component: {fileID: 7810197167885541484}
  - component: {fileID: 2409177968709101846}
  - component: {fileID: 6244739204181678209}
  - component: {fileID: 393535314030101801}
  - component: {fileID: 8056534007430521814}
  m_Layer: 0
  m_Name: Horizontal Obstacle (1)
  m_TagString: Untagged
  m_Icon: {fileID: 0}
  m_NavMeshLayer: 0
  m_StaticEditorFlags: 0
  m_IsActive: 1
--- !u!4 &7810197167885541484
Transform:
  m_ObjectHideFlags: 0
  m_CorrespondingSourceObject: {fileID: 0}
  m_PrefabInstance: {fileID: 0}
  m_PrefabAsset: {fileID: 0}
  m_GameObject: {fileID: 284114214883210932}
  m_LocalRotation: {x: -0, y: -0, z: -0, w: 1}
  m_LocalPosition: {x: 0, y: 3.49, z: -2.21}
  m_LocalScale: {x: 1, y: 0.7, z: 3}
  m_Children: []
  m_Father: {fileID: 4497664701929198666}
  m_RootOrder: 5
  m_LocalEulerAnglesHint: {x: 0, y: 0, z: 0}
--- !u!33 &2409177968709101846
MeshFilter:
  m_ObjectHideFlags: 0
  m_CorrespondingSourceObject: {fileID: 0}
  m_PrefabInstance: {fileID: 0}
  m_PrefabAsset: {fileID: 0}
  m_GameObject: {fileID: 284114214883210932}
  m_Mesh: {fileID: 10202, guid: 0000000000000000e000000000000000, type: 0}
--- !u!23 &6244739204181678209
MeshRenderer:
  m_ObjectHideFlags: 0
  m_CorrespondingSourceObject: {fileID: 0}
  m_PrefabInstance: {fileID: 0}
  m_PrefabAsset: {fileID: 0}
  m_GameObject: {fileID: 284114214883210932}
  m_Enabled: 1
  m_CastShadows: 1
  m_ReceiveShadows: 1
  m_DynamicOccludee: 1
  m_MotionVectors: 1
  m_LightProbeUsage: 1
  m_ReflectionProbeUsage: 1
  m_RayTracingMode: 2
  m_RayTraceProcedural: 0
  m_RenderingLayerMask: 1
  m_RendererPriority: 0
  m_Materials:
  - {fileID: 10303, guid: 0000000000000000f000000000000000, type: 0}
  m_StaticBatchInfo:
    firstSubMesh: 0
    subMeshCount: 0
  m_StaticBatchRoot: {fileID: 0}
  m_ProbeAnchor: {fileID: 0}
  m_LightProbeVolumeOverride: {fileID: 0}
  m_ScaleInLightmap: 1
  m_ReceiveGI: 1
  m_PreserveUVs: 0
  m_IgnoreNormalsForChartDetection: 0
  m_ImportantGI: 0
  m_StitchLightmapSeams: 1
  m_SelectedEditorRenderState: 3
  m_MinimumChartSize: 4
  m_AutoUVMaxDistance: 0.5
  m_AutoUVMaxAngle: 89
  m_LightmapParameters: {fileID: 0}
  m_SortingLayerID: 0
  m_SortingLayer: 0
  m_SortingOrder: 0
  m_AdditionalVertexStreams: {fileID: 0}
--- !u!65 &393535314030101801
BoxCollider:
  m_ObjectHideFlags: 0
  m_CorrespondingSourceObject: {fileID: 0}
  m_PrefabInstance: {fileID: 0}
  m_PrefabAsset: {fileID: 0}
  m_GameObject: {fileID: 284114214883210932}
  m_Material: {fileID: 0}
  m_IsTrigger: 1
  m_Enabled: 1
  serializedVersion: 2
  m_Size: {x: 1, y: 1, z: 1}
  m_Center: {x: 0, y: 0, z: 0}
--- !u!114 &8056534007430521814
MonoBehaviour:
  m_ObjectHideFlags: 0
  m_CorrespondingSourceObject: {fileID: 0}
  m_PrefabInstance: {fileID: 0}
  m_PrefabAsset: {fileID: 0}
  m_GameObject: {fileID: 284114214883210932}
  m_Enabled: 1
  m_EditorHideFlags: 0
  m_Script: {fileID: 11500000, guid: 9eb8a505d9101e04c84948582f2b0a12, type: 3}
  m_Name: 
  m_EditorClassIdentifier: 
--- !u!1 &3596300632098826489
GameObject:
  m_ObjectHideFlags: 0
  m_CorrespondingSourceObject: {fileID: 0}
  m_PrefabInstance: {fileID: 0}
  m_PrefabAsset: {fileID: 0}
  serializedVersion: 6
  m_Component:
  - component: {fileID: 4497664701929198666}
  m_Layer: 0
  m_Name: Level7
  m_TagString: Untagged
  m_Icon: {fileID: 0}
  m_NavMeshLayer: 0
  m_StaticEditorFlags: 0
  m_IsActive: 1
--- !u!4 &4497664701929198666
Transform:
  m_ObjectHideFlags: 0
  m_CorrespondingSourceObject: {fileID: 0}
  m_PrefabInstance: {fileID: 0}
  m_PrefabAsset: {fileID: 0}
  m_GameObject: {fileID: 3596300632098826489}
  m_LocalRotation: {x: 0, y: 0, z: 0, w: 1}
  m_LocalPosition: {x: 0, y: 0, z: 0}
  m_LocalScale: {x: 1, y: 1, z: 1}
  m_Children:
  - {fileID: 580653814433493711}
  - {fileID: 3974345908610922558}
  - {fileID: 6914448692749311624}
  - {fileID: 3119254011329803157}
  - {fileID: 1590685968933980926}
  - {fileID: 7810197167885541484}
  - {fileID: 4097418819471792684}
  - {fileID: 2963870759392321968}
  m_Father: {fileID: 0}
  m_RootOrder: 0
  m_LocalEulerAnglesHint: {x: 0, y: 0, z: 0}
--- !u!1 &9155091751964231667
GameObject:
  m_ObjectHideFlags: 0
  m_CorrespondingSourceObject: {fileID: 0}
  m_PrefabInstance: {fileID: 0}
  m_PrefabAsset: {fileID: 0}
  serializedVersion: 6
  m_Component:
  - component: {fileID: 2963870759392321968}
  - component: {fileID: 719880592254179590}
  - component: {fileID: 90813951999517175}
  - component: {fileID: 13603154474868950}
  - component: {fileID: 2489399895083431612}
  m_Layer: 0
  m_Name: Horizontal Obstacle (4)
  m_TagString: Untagged
  m_Icon: {fileID: 0}
  m_NavMeshLayer: 0
  m_StaticEditorFlags: 0
  m_IsActive: 1
--- !u!4 &2963870759392321968
Transform:
  m_ObjectHideFlags: 0
  m_CorrespondingSourceObject: {fileID: 0}
  m_PrefabInstance: {fileID: 0}
  m_PrefabAsset: {fileID: 0}
  m_GameObject: {fileID: 9155091751964231667}
  m_LocalRotation: {x: 0.2588191, y: 0, z: 0, w: 0.9659258}
  m_LocalPosition: {x: 0, y: -2.73, z: -16.53}
  m_LocalScale: {x: 1, y: 0.7, z: 3}
  m_Children: []
  m_Father: {fileID: 4497664701929198666}
  m_RootOrder: 7
  m_LocalEulerAnglesHint: {x: 30, y: 0, z: 0}
--- !u!33 &719880592254179590
MeshFilter:
  m_ObjectHideFlags: 0
  m_CorrespondingSourceObject: {fileID: 0}
  m_PrefabInstance: {fileID: 0}
  m_PrefabAsset: {fileID: 0}
  m_GameObject: {fileID: 9155091751964231667}
  m_Mesh: {fileID: 10202, guid: 0000000000000000e000000000000000, type: 0}
--- !u!23 &90813951999517175
MeshRenderer:
  m_ObjectHideFlags: 0
  m_CorrespondingSourceObject: {fileID: 0}
  m_PrefabInstance: {fileID: 0}
  m_PrefabAsset: {fileID: 0}
  m_GameObject: {fileID: 9155091751964231667}
  m_Enabled: 1
  m_CastShadows: 1
  m_ReceiveShadows: 1
  m_DynamicOccludee: 1
  m_MotionVectors: 1
  m_LightProbeUsage: 1
  m_ReflectionProbeUsage: 1
  m_RayTracingMode: 2
  m_RayTraceProcedural: 0
  m_RenderingLayerMask: 1
  m_RendererPriority: 0
  m_Materials:
  - {fileID: 10303, guid: 0000000000000000f000000000000000, type: 0}
  m_StaticBatchInfo:
    firstSubMesh: 0
    subMeshCount: 0
  m_StaticBatchRoot: {fileID: 0}
  m_ProbeAnchor: {fileID: 0}
  m_LightProbeVolumeOverride: {fileID: 0}
  m_ScaleInLightmap: 1
  m_ReceiveGI: 1
  m_PreserveUVs: 0
  m_IgnoreNormalsForChartDetection: 0
  m_ImportantGI: 0
  m_StitchLightmapSeams: 1
  m_SelectedEditorRenderState: 3
  m_MinimumChartSize: 4
  m_AutoUVMaxDistance: 0.5
  m_AutoUVMaxAngle: 89
  m_LightmapParameters: {fileID: 0}
  m_SortingLayerID: 0
  m_SortingLayer: 0
  m_SortingOrder: 0
  m_AdditionalVertexStreams: {fileID: 0}
--- !u!65 &13603154474868950
BoxCollider:
  m_ObjectHideFlags: 0
  m_CorrespondingSourceObject: {fileID: 0}
  m_PrefabInstance: {fileID: 0}
  m_PrefabAsset: {fileID: 0}
  m_GameObject: {fileID: 9155091751964231667}
  m_Material: {fileID: 0}
  m_IsTrigger: 1
  m_Enabled: 1
  serializedVersion: 2
  m_Size: {x: 1, y: 1, z: 1}
  m_Center: {x: 0, y: 0, z: 0}
--- !u!114 &2489399895083431612
MonoBehaviour:
  m_ObjectHideFlags: 0
  m_CorrespondingSourceObject: {fileID: 0}
  m_PrefabInstance: {fileID: 0}
  m_PrefabAsset: {fileID: 0}
  m_GameObject: {fileID: 9155091751964231667}
  m_Enabled: 1
  m_EditorHideFlags: 0
  m_Script: {fileID: 11500000, guid: 9eb8a505d9101e04c84948582f2b0a12, type: 3}
  m_Name: 
  m_EditorClassIdentifier: 
--- !u!1001 &3851685004365532654
PrefabInstance:
  m_ObjectHideFlags: 0
  serializedVersion: 2
  m_Modification:
    m_TransformParent: {fileID: 4497664701929198666}
    m_Modifications:
    - target: {fileID: 7676070456307520358, guid: ad18a7ffa6986a44c9b62b56ed6cf068, type: 3}
      propertyPath: m_RootOrder
      value: 2
      objectReference: {fileID: 0}
    - target: {fileID: 7676070456307520358, guid: ad18a7ffa6986a44c9b62b56ed6cf068, type: 3}
      propertyPath: m_LocalPosition.x
      value: 0
      objectReference: {fileID: 0}
    - target: {fileID: 7676070456307520358, guid: ad18a7ffa6986a44c9b62b56ed6cf068, type: 3}
      propertyPath: m_LocalPosition.y
      value: 10.26
      objectReference: {fileID: 0}
    - target: {fileID: 7676070456307520358, guid: ad18a7ffa6986a44c9b62b56ed6cf068, type: 3}
      propertyPath: m_LocalPosition.z
      value: -17.94
      objectReference: {fileID: 0}
    - target: {fileID: 7676070456307520358, guid: ad18a7ffa6986a44c9b62b56ed6cf068, type: 3}
      propertyPath: m_LocalRotation.w
      value: 1
      objectReference: {fileID: 0}
    - target: {fileID: 7676070456307520358, guid: ad18a7ffa6986a44c9b62b56ed6cf068, type: 3}
      propertyPath: m_LocalRotation.x
      value: 0
      objectReference: {fileID: 0}
    - target: {fileID: 7676070456307520358, guid: ad18a7ffa6986a44c9b62b56ed6cf068, type: 3}
      propertyPath: m_LocalRotation.y
      value: 0
      objectReference: {fileID: 0}
    - target: {fileID: 7676070456307520358, guid: ad18a7ffa6986a44c9b62b56ed6cf068, type: 3}
      propertyPath: m_LocalRotation.z
      value: 0
      objectReference: {fileID: 0}
    - target: {fileID: 7676070456307520358, guid: ad18a7ffa6986a44c9b62b56ed6cf068, type: 3}
      propertyPath: m_LocalEulerAnglesHint.x
      value: 0
      objectReference: {fileID: 0}
    - target: {fileID: 7676070456307520358, guid: ad18a7ffa6986a44c9b62b56ed6cf068, type: 3}
      propertyPath: m_LocalEulerAnglesHint.y
      value: 0
      objectReference: {fileID: 0}
    - target: {fileID: 7676070456307520358, guid: ad18a7ffa6986a44c9b62b56ed6cf068, type: 3}
      propertyPath: m_LocalEulerAnglesHint.z
      value: 0
      objectReference: {fileID: 0}
    - target: {fileID: 7676070456307520359, guid: ad18a7ffa6986a44c9b62b56ed6cf068, type: 3}
      propertyPath: m_Name
      value: Finish
      objectReference: {fileID: 0}
    m_RemovedComponents: []
  m_SourcePrefab: {fileID: 100100000, guid: ad18a7ffa6986a44c9b62b56ed6cf068, type: 3}
--- !u!4 &6914448692749311624 stripped
Transform:
  m_CorrespondingSourceObject: {fileID: 7676070456307520358, guid: ad18a7ffa6986a44c9b62b56ed6cf068, type: 3}
  m_PrefabInstance: {fileID: 3851685004365532654}
  m_PrefabAsset: {fileID: 0}
--- !u!1001 &4392069035537257783
PrefabInstance:
  m_ObjectHideFlags: 0
  serializedVersion: 2
  m_Modification:
    m_TransformParent: {fileID: 4497664701929198666}
    m_Modifications:
    - target: {fileID: 760202028906925822, guid: 418226e2f77a861419c3b090944b79b5, type: 3}
      propertyPath: m_LocalScale.x
      value: 120
      objectReference: {fileID: 0}
    - target: {fileID: 760202028906925822, guid: 418226e2f77a861419c3b090944b79b5, type: 3}
      propertyPath: m_LocalScale.y
      value: 120
      objectReference: {fileID: 0}
    - target: {fileID: 760202028906925822, guid: 418226e2f77a861419c3b090944b79b5, type: 3}
      propertyPath: m_LocalScale.z
      value: 120
      objectReference: {fileID: 0}
    - target: {fileID: 3818249932904671139, guid: 418226e2f77a861419c3b090944b79b5, type: 3}
      propertyPath: m_IsActive
      value: 0
      objectReference: {fileID: 0}
    - target: {fileID: 3818249934457038840, guid: 418226e2f77a861419c3b090944b79b5, type: 3}
      propertyPath: m_RootOrder
      value: 0
      objectReference: {fileID: 0}
    - target: {fileID: 3818249934457038840, guid: 418226e2f77a861419c3b090944b79b5, type: 3}
      propertyPath: m_LocalScale.x
      value: 1
      objectReference: {fileID: 0}
    - target: {fileID: 3818249934457038840, guid: 418226e2f77a861419c3b090944b79b5, type: 3}
      propertyPath: m_LocalScale.y
      value: 1
      objectReference: {fileID: 0}
    - target: {fileID: 3818249934457038840, guid: 418226e2f77a861419c3b090944b79b5, type: 3}
      propertyPath: m_LocalScale.z
      value: 1
      objectReference: {fileID: 0}
    - target: {fileID: 3818249934457038840, guid: 418226e2f77a861419c3b090944b79b5, type: 3}
      propertyPath: m_LocalPosition.x
      value: 0
      objectReference: {fileID: 0}
    - target: {fileID: 3818249934457038840, guid: 418226e2f77a861419c3b090944b79b5, type: 3}
      propertyPath: m_LocalPosition.y
      value: 3.3899994
      objectReference: {fileID: 0}
    - target: {fileID: 3818249934457038840, guid: 418226e2f77a861419c3b090944b79b5, type: 3}
      propertyPath: m_LocalPosition.z
      value: -10.04
      objectReference: {fileID: 0}
    - target: {fileID: 3818249934457038840, guid: 418226e2f77a861419c3b090944b79b5, type: 3}
      propertyPath: m_LocalRotation.w
      value: 1
      objectReference: {fileID: 0}
    - target: {fileID: 3818249934457038840, guid: 418226e2f77a861419c3b090944b79b5, type: 3}
      propertyPath: m_LocalRotation.x
      value: -0
      objectReference: {fileID: 0}
    - target: {fileID: 3818249934457038840, guid: 418226e2f77a861419c3b090944b79b5, type: 3}
      propertyPath: m_LocalRotation.y
      value: -0
      objectReference: {fileID: 0}
    - target: {fileID: 3818249934457038840, guid: 418226e2f77a861419c3b090944b79b5, type: 3}
      propertyPath: m_LocalRotation.z
      value: -0
      objectReference: {fileID: 0}
    - target: {fileID: 3818249934457038840, guid: 418226e2f77a861419c3b090944b79b5, type: 3}
      propertyPath: m_LocalEulerAnglesHint.x
      value: 0
      objectReference: {fileID: 0}
    - target: {fileID: 3818249934457038840, guid: 418226e2f77a861419c3b090944b79b5, type: 3}
      propertyPath: m_LocalEulerAnglesHint.y
      value: 0
      objectReference: {fileID: 0}
    - target: {fileID: 3818249934457038840, guid: 418226e2f77a861419c3b090944b79b5, type: 3}
      propertyPath: m_LocalEulerAnglesHint.z
      value: 0
      objectReference: {fileID: 0}
    - target: {fileID: 3818249934457038841, guid: 418226e2f77a861419c3b090944b79b5, type: 3}
      propertyPath: m_Name
      value: Planet
      objectReference: {fileID: 0}
    - target: {fileID: 3818249934457038845, guid: 418226e2f77a861419c3b090944b79b5, type: 3}
      propertyPath: m_Radius
      value: 6
      objectReference: {fileID: 0}
    - target: {fileID: 4033891108481638881, guid: 418226e2f77a861419c3b090944b79b5, type: 3}
      propertyPath: m_RootOrder
      value: 2
      objectReference: {fileID: 0}
    - target: {fileID: 4033891108481638881, guid: 418226e2f77a861419c3b090944b79b5, type: 3}
      propertyPath: m_LocalScale.x
      value: 3.2
      objectReference: {fileID: 0}
    - target: {fileID: 4033891108481638881, guid: 418226e2f77a861419c3b090944b79b5, type: 3}
      propertyPath: m_LocalScale.y
      value: 3.2
      objectReference: {fileID: 0}
    - target: {fileID: 4033891108481638881, guid: 418226e2f77a861419c3b090944b79b5, type: 3}
      propertyPath: m_LocalScale.z
      value: 3.2
      objectReference: {fileID: 0}
    m_RemovedComponents: []
  m_SourcePrefab: {fileID: 100100000, guid: 418226e2f77a861419c3b090944b79b5, type: 3}
--- !u!4 &580653814433493711 stripped
Transform:
  m_CorrespondingSourceObject: {fileID: 3818249934457038840, guid: 418226e2f77a861419c3b090944b79b5, type: 3}
  m_PrefabInstance: {fileID: 4392069035537257783}
  m_PrefabAsset: {fileID: 0}
--- !u!1001 &4654436815566912730
PrefabInstance:
  m_ObjectHideFlags: 0
  serializedVersion: 2
  m_Modification:
    m_TransformParent: {fileID: 4497664701929198666}
    m_Modifications:
    - target: {fileID: 6234285811058418290, guid: c171f7e21a188904b96f17207954e2eb, type: 3}
      propertyPath: m_LocalPosition.y
      value: -0
      objectReference: {fileID: 0}
    - target: {fileID: 6234285811058418290, guid: c171f7e21a188904b96f17207954e2eb, type: 3}
      propertyPath: m_LocalPosition.z
      value: 0.1
      objectReference: {fileID: 0}
    - target: {fileID: 6234285811151803962, guid: c171f7e21a188904b96f17207954e2eb, type: 3}
      propertyPath: m_LocalPosition.y
      value: -0
      objectReference: {fileID: 0}
    - target: {fileID: 6234285811151803962, guid: c171f7e21a188904b96f17207954e2eb, type: 3}
      propertyPath: m_LocalPosition.z
      value: 11.7
      objectReference: {fileID: 0}
    - target: {fileID: 6234285812240856610, guid: c171f7e21a188904b96f17207954e2eb, type: 3}
      propertyPath: m_Name
      value: Horizontal Obstacle (3)
      objectReference: {fileID: 0}
    - target: {fileID: 6234285812240856612, guid: c171f7e21a188904b96f17207954e2eb, type: 3}
      propertyPath: m_RootOrder
      value: 4
      objectReference: {fileID: 0}
    - target: {fileID: 6234285812240856612, guid: c171f7e21a188904b96f17207954e2eb, type: 3}
      propertyPath: m_LocalScale.x
      value: 1
      objectReference: {fileID: 0}
    - target: {fileID: 6234285812240856612, guid: c171f7e21a188904b96f17207954e2eb, type: 3}
      propertyPath: m_LocalScale.y
      value: 1
      objectReference: {fileID: 0}
    - target: {fileID: 6234285812240856612, guid: c171f7e21a188904b96f17207954e2eb, type: 3}
      propertyPath: m_LocalScale.z
      value: 1
      objectReference: {fileID: 0}
    - target: {fileID: 6234285812240856612, guid: c171f7e21a188904b96f17207954e2eb, type: 3}
      propertyPath: m_LocalPosition.x
      value: 0
      objectReference: {fileID: 0}
    - target: {fileID: 6234285812240856612, guid: c171f7e21a188904b96f17207954e2eb, type: 3}
      propertyPath: m_LocalPosition.y
      value: 7.17
      objectReference: {fileID: 0}
    - target: {fileID: 6234285812240856612, guid: c171f7e21a188904b96f17207954e2eb, type: 3}
      propertyPath: m_LocalPosition.z
      value: -6.93
      objectReference: {fileID: 0}
    - target: {fileID: 6234285812240856612, guid: c171f7e21a188904b96f17207954e2eb, type: 3}
      propertyPath: m_LocalRotation.w
      value: 1
      objectReference: {fileID: 0}
    - target: {fileID: 6234285812240856612, guid: c171f7e21a188904b96f17207954e2eb, type: 3}
      propertyPath: m_LocalRotation.x
      value: 0
      objectReference: {fileID: 0}
    - target: {fileID: 6234285812240856612, guid: c171f7e21a188904b96f17207954e2eb, type: 3}
      propertyPath: m_LocalRotation.y
      value: 0
      objectReference: {fileID: 0}
    - target: {fileID: 6234285812240856612, guid: c171f7e21a188904b96f17207954e2eb, type: 3}
      propertyPath: m_LocalRotation.z
      value: 0
      objectReference: {fileID: 0}
    - target: {fileID: 6234285812240856612, guid: c171f7e21a188904b96f17207954e2eb, type: 3}
      propertyPath: m_LocalEulerAnglesHint.x
      value: 0
      objectReference: {fileID: 0}
    - target: {fileID: 6234285812240856612, guid: c171f7e21a188904b96f17207954e2eb, type: 3}
      propertyPath: m_LocalEulerAnglesHint.y
      value: 0
      objectReference: {fileID: 0}
    - target: {fileID: 6234285812240856612, guid: c171f7e21a188904b96f17207954e2eb, type: 3}
      propertyPath: m_LocalEulerAnglesHint.z
      value: 0
      objectReference: {fileID: 0}
    - target: {fileID: 6234285812530811496, guid: c171f7e21a188904b96f17207954e2eb, type: 3}
      propertyPath: _speed
      value: 0
      objectReference: {fileID: 0}
    - target: {fileID: 6234285812530811497, guid: c171f7e21a188904b96f17207954e2eb, type: 3}
      propertyPath: m_LocalPosition.y
      value: -0
      objectReference: {fileID: 0}
    - target: {fileID: 6234285812530811497, guid: c171f7e21a188904b96f17207954e2eb, type: 3}
      propertyPath: m_LocalPosition.z
      value: -0.8
      objectReference: {fileID: 0}
    - target: {fileID: 6301591311540124612, guid: c171f7e21a188904b96f17207954e2eb, type: 3}
      propertyPath: m_LocalPosition.z
      value: 8
      objectReference: {fileID: 0}
    m_RemovedComponents: []
  m_SourcePrefab: {fileID: 100100000, guid: c171f7e21a188904b96f17207954e2eb, type: 3}
--- !u!4 &1590685968933980926 stripped
Transform:
  m_CorrespondingSourceObject: {fileID: 6234285812240856612, guid: c171f7e21a188904b96f17207954e2eb, type: 3}
  m_PrefabInstance: {fileID: 4654436815566912730}
  m_PrefabAsset: {fileID: 0}
--- !u!1001 &5785505803494416794
PrefabInstance:
  m_ObjectHideFlags: 0
  serializedVersion: 2
  m_Modification:
    m_TransformParent: {fileID: 4497664701929198666}
    m_Modifications:
    - target: {fileID: 7452762956182919586, guid: f626dcd7f98d42e4a966accda4478024, type: 3}
      propertyPath: playerFuel
      value: 
      objectReference: {fileID: 0}
    - target: {fileID: 7452762956182919588, guid: f626dcd7f98d42e4a966accda4478024, type: 3}
      propertyPath: m_RootOrder
      value: 1
      objectReference: {fileID: 0}
    - target: {fileID: 7452762956182919588, guid: f626dcd7f98d42e4a966accda4478024, type: 3}
      propertyPath: m_LocalPosition.x
      value: 0
      objectReference: {fileID: 0}
    - target: {fileID: 7452762956182919588, guid: f626dcd7f98d42e4a966accda4478024, type: 3}
      propertyPath: m_LocalPosition.y
      value: 6.71
      objectReference: {fileID: 0}
    - target: {fileID: 7452762956182919588, guid: f626dcd7f98d42e4a966accda4478024, type: 3}
      propertyPath: m_LocalPosition.z
      value: -23.85
      objectReference: {fileID: 0}
    - target: {fileID: 7452762956182919588, guid: f626dcd7f98d42e4a966accda4478024, type: 3}
      propertyPath: m_LocalRotation.w
      value: 1
      objectReference: {fileID: 0}
    - target: {fileID: 7452762956182919588, guid: f626dcd7f98d42e4a966accda4478024, type: 3}
      propertyPath: m_LocalRotation.x
      value: -0
      objectReference: {fileID: 0}
    - target: {fileID: 7452762956182919588, guid: f626dcd7f98d42e4a966accda4478024, type: 3}
      propertyPath: m_LocalRotation.y
      value: -0
      objectReference: {fileID: 0}
    - target: {fileID: 7452762956182919588, guid: f626dcd7f98d42e4a966accda4478024, type: 3}
      propertyPath: m_LocalRotation.z
      value: -0
      objectReference: {fileID: 0}
    - target: {fileID: 7452762956182919588, guid: f626dcd7f98d42e4a966accda4478024, type: 3}
      propertyPath: m_LocalEulerAnglesHint.x
      value: 0
      objectReference: {fileID: 0}
    - target: {fileID: 7452762956182919588, guid: f626dcd7f98d42e4a966accda4478024, type: 3}
      propertyPath: m_LocalEulerAnglesHint.y
      value: 0
      objectReference: {fileID: 0}
    - target: {fileID: 7452762956182919588, guid: f626dcd7f98d42e4a966accda4478024, type: 3}
      propertyPath: m_LocalEulerAnglesHint.z
      value: 0
      objectReference: {fileID: 0}
    - target: {fileID: 7452762956182919591, guid: f626dcd7f98d42e4a966accda4478024, type: 3}
      propertyPath: m_Name
      value: Player
      objectReference: {fileID: 0}
    m_RemovedComponents: []
  m_SourcePrefab: {fileID: 100100000, guid: f626dcd7f98d42e4a966accda4478024, type: 3}
--- !u!4 &3974345908610922558 stripped
Transform:
  m_CorrespondingSourceObject: {fileID: 7452762956182919588, guid: f626dcd7f98d42e4a966accda4478024, type: 3}
  m_PrefabInstance: {fileID: 5785505803494416794}
  m_PrefabAsset: {fileID: 0}
--- !u!1001 &7951199010449157128
PrefabInstance:
  m_ObjectHideFlags: 0
  serializedVersion: 2
  m_Modification:
    m_TransformParent: {fileID: 4497664701929198666}
    m_Modifications:
    - target: {fileID: 6234285811058418290, guid: c171f7e21a188904b96f17207954e2eb, type: 3}
      propertyPath: m_LocalPosition.y
      value: -0
      objectReference: {fileID: 0}
    - target: {fileID: 6234285811058418290, guid: c171f7e21a188904b96f17207954e2eb, type: 3}
      propertyPath: m_LocalPosition.z
      value: -8.5
      objectReference: {fileID: 0}
    - target: {fileID: 6234285811151803962, guid: c171f7e21a188904b96f17207954e2eb, type: 3}
      propertyPath: m_LocalPosition.y
      value: -0
      objectReference: {fileID: 0}
    - target: {fileID: 6234285811151803962, guid: c171f7e21a188904b96f17207954e2eb, type: 3}
      propertyPath: m_LocalPosition.z
      value: 10
      objectReference: {fileID: 0}
    - target: {fileID: 6234285812240856610, guid: c171f7e21a188904b96f17207954e2eb, type: 3}
      propertyPath: m_Name
      value: Horizontal Obstacle (2)
      objectReference: {fileID: 0}
    - target: {fileID: 6234285812240856612, guid: c171f7e21a188904b96f17207954e2eb, type: 3}
      propertyPath: m_RootOrder
      value: 6
      objectReference: {fileID: 0}
    - target: {fileID: 6234285812240856612, guid: c171f7e21a188904b96f17207954e2eb, type: 3}
      propertyPath: m_LocalScale.x
      value: 1
      objectReference: {fileID: 0}
    - target: {fileID: 6234285812240856612, guid: c171f7e21a188904b96f17207954e2eb, type: 3}
      propertyPath: m_LocalScale.y
      value: 0.7
      objectReference: {fileID: 0}
    - target: {fileID: 6234285812240856612, guid: c171f7e21a188904b96f17207954e2eb, type: 3}
      propertyPath: m_LocalScale.z
      value: 0.5
      objectReference: {fileID: 0}
    - target: {fileID: 6234285812240856612, guid: c171f7e21a188904b96f17207954e2eb, type: 3}
      propertyPath: m_LocalPosition.x
      value: 0
      objectReference: {fileID: 0}
    - target: {fileID: 6234285812240856612, guid: c171f7e21a188904b96f17207954e2eb, type: 3}
      propertyPath: m_LocalPosition.y
      value: -7.3
      objectReference: {fileID: 0}
    - target: {fileID: 6234285812240856612, guid: c171f7e21a188904b96f17207954e2eb, type: 3}
      propertyPath: m_LocalPosition.z
      value: -10
      objectReference: {fileID: 0}
    - target: {fileID: 6234285812240856612, guid: c171f7e21a188904b96f17207954e2eb, type: 3}
      propertyPath: m_LocalRotation.w
      value: 0.7071068
      objectReference: {fileID: 0}
    - target: {fileID: 6234285812240856612, guid: c171f7e21a188904b96f17207954e2eb, type: 3}
      propertyPath: m_LocalRotation.x
      value: 0.7071068
      objectReference: {fileID: 0}
    - target: {fileID: 6234285812240856612, guid: c171f7e21a188904b96f17207954e2eb, type: 3}
      propertyPath: m_LocalRotation.y
      value: 0
      objectReference: {fileID: 0}
    - target: {fileID: 6234285812240856612, guid: c171f7e21a188904b96f17207954e2eb, type: 3}
      propertyPath: m_LocalRotation.z
      value: 0
      objectReference: {fileID: 0}
    - target: {fileID: 6234285812240856612, guid: c171f7e21a188904b96f17207954e2eb, type: 3}
      propertyPath: m_LocalEulerAnglesHint.x
      value: 90
      objectReference: {fileID: 0}
    - target: {fileID: 6234285812240856612, guid: c171f7e21a188904b96f17207954e2eb, type: 3}
      propertyPath: m_LocalEulerAnglesHint.y
      value: 0
      objectReference: {fileID: 0}
    - target: {fileID: 6234285812240856612, guid: c171f7e21a188904b96f17207954e2eb, type: 3}
      propertyPath: m_LocalEulerAnglesHint.z
      value: 0
      objectReference: {fileID: 0}
    - target: {fileID: 6234285812530811496, guid: c171f7e21a188904b96f17207954e2eb, type: 3}
      propertyPath: _speed
      value: 0
      objectReference: {fileID: 0}
    - target: {fileID: 6234285812530811497, guid: c171f7e21a188904b96f17207954e2eb, type: 3}
      propertyPath: m_LocalPosition.y
      value: -0
      objectReference: {fileID: 0}
    - target: {fileID: 6234285812530811497, guid: c171f7e21a188904b96f17207954e2eb, type: 3}
      propertyPath: m_LocalPosition.z
      value: -0.8
      objectReference: {fileID: 0}
    m_RemovedComponents: []
  m_SourcePrefab: {fileID: 100100000, guid: c171f7e21a188904b96f17207954e2eb, type: 3}
--- !u!4 &4097418819471792684 stripped
Transform:
  m_CorrespondingSourceObject: {fileID: 6234285812240856612, guid: c171f7e21a188904b96f17207954e2eb, type: 3}
  m_PrefabInstance: {fileID: 7951199010449157128}
  m_PrefabAsset: {fileID: 0}
--- !u!1001 &9065025961306211761
PrefabInstance:
  m_ObjectHideFlags: 0
  serializedVersion: 2
  m_Modification:
    m_TransformParent: {fileID: 4497664701929198666}
    m_Modifications:
    - target: {fileID: 6234285811058418290, guid: c171f7e21a188904b96f17207954e2eb, type: 3}
      propertyPath: m_LocalPosition.y
      value: -0
      objectReference: {fileID: 0}
    - target: {fileID: 6234285811058418290, guid: c171f7e21a188904b96f17207954e2eb, type: 3}
      propertyPath: m_LocalPosition.z
      value: -8.7
      objectReference: {fileID: 0}
    - target: {fileID: 6234285811151803962, guid: c171f7e21a188904b96f17207954e2eb, type: 3}
      propertyPath: m_LocalPosition.y
      value: -0
      objectReference: {fileID: 0}
    - target: {fileID: 6234285811151803962, guid: c171f7e21a188904b96f17207954e2eb, type: 3}
      propertyPath: m_LocalPosition.z
      value: 0.1
      objectReference: {fileID: 0}
    - target: {fileID: 6234285812240856610, guid: c171f7e21a188904b96f17207954e2eb, type: 3}
      propertyPath: m_Name
      value: Horizontal Obstacle (1)
      objectReference: {fileID: 0}
    - target: {fileID: 6234285812240856612, guid: c171f7e21a188904b96f17207954e2eb, type: 3}
      propertyPath: m_RootOrder
      value: 3
      objectReference: {fileID: 0}
    - target: {fileID: 6234285812240856612, guid: c171f7e21a188904b96f17207954e2eb, type: 3}
      propertyPath: m_LocalScale.x
      value: 2
      objectReference: {fileID: 0}
    - target: {fileID: 6234285812240856612, guid: c171f7e21a188904b96f17207954e2eb, type: 3}
      propertyPath: m_LocalScale.y
      value: 0.7
      objectReference: {fileID: 0}
    - target: {fileID: 6234285812240856612, guid: c171f7e21a188904b96f17207954e2eb, type: 3}
      propertyPath: m_LocalScale.z
      value: 0.7
      objectReference: {fileID: 0}
    - target: {fileID: 6234285812240856612, guid: c171f7e21a188904b96f17207954e2eb, type: 3}
      propertyPath: m_LocalPosition.x
      value: 0
      objectReference: {fileID: 0}
    - target: {fileID: 6234285812240856612, guid: c171f7e21a188904b96f17207954e2eb, type: 3}
      propertyPath: m_LocalPosition.y
      value: 10.38
      objectReference: {fileID: 0}
    - target: {fileID: 6234285812240856612, guid: c171f7e21a188904b96f17207954e2eb, type: 3}
      propertyPath: m_LocalPosition.z
      value: -4.32
      objectReference: {fileID: 0}
    - target: {fileID: 6234285812240856612, guid: c171f7e21a188904b96f17207954e2eb, type: 3}
      propertyPath: m_LocalRotation.w
      value: 1
      objectReference: {fileID: 0}
    - target: {fileID: 6234285812240856612, guid: c171f7e21a188904b96f17207954e2eb, type: 3}
      propertyPath: m_LocalRotation.x
      value: 0
      objectReference: {fileID: 0}
    - target: {fileID: 6234285812240856612, guid: c171f7e21a188904b96f17207954e2eb, type: 3}
      propertyPath: m_LocalRotation.y
      value: 0
      objectReference: {fileID: 0}
    - target: {fileID: 6234285812240856612, guid: c171f7e21a188904b96f17207954e2eb, type: 3}
      propertyPath: m_LocalRotation.z
      value: 0
      objectReference: {fileID: 0}
    - target: {fileID: 6234285812240856612, guid: c171f7e21a188904b96f17207954e2eb, type: 3}
      propertyPath: m_LocalEulerAnglesHint.x
      value: 0
      objectReference: {fileID: 0}
    - target: {fileID: 6234285812240856612, guid: c171f7e21a188904b96f17207954e2eb, type: 3}
      propertyPath: m_LocalEulerAnglesHint.y
      value: 0
      objectReference: {fileID: 0}
    - target: {fileID: 6234285812240856612, guid: c171f7e21a188904b96f17207954e2eb, type: 3}
      propertyPath: m_LocalEulerAnglesHint.z
      value: 0
      objectReference: {fileID: 0}
    - target: {fileID: 6234285812530811496, guid: c171f7e21a188904b96f17207954e2eb, type: 3}
      propertyPath: _speed
      value: 0
      objectReference: {fileID: 0}
    - target: {fileID: 6234285812530811497, guid: c171f7e21a188904b96f17207954e2eb, type: 3}
      propertyPath: m_LocalPosition.y
      value: -0
      objectReference: {fileID: 0}
    - target: {fileID: 6234285812530811497, guid: c171f7e21a188904b96f17207954e2eb, type: 3}
      propertyPath: m_LocalPosition.z
      value: -0.8
      objectReference: {fileID: 0}
    - target: {fileID: 6301591311540124612, guid: c171f7e21a188904b96f17207954e2eb, type: 3}
      propertyPath: m_LocalPosition.y
      value: -0
      objectReference: {fileID: 0}
    - target: {fileID: 6301591311540124612, guid: c171f7e21a188904b96f17207954e2eb, type: 3}
      propertyPath: m_LocalPosition.z
      value: -7.8
      objectReference: {fileID: 0}
    m_RemovedComponents: []
  m_SourcePrefab: {fileID: 100100000, guid: c171f7e21a188904b96f17207954e2eb, type: 3}
--- !u!4 &3119254011329803157 stripped
Transform:
  m_CorrespondingSourceObject: {fileID: 6234285812240856612, guid: c171f7e21a188904b96f17207954e2eb, type: 3}
  m_PrefabInstance: {fileID: 9065025961306211761}
  m_PrefabAsset: {fileID: 0}
